 Dungeon Crawl Stone Soup version 0.27-a0-1456-gf5a116941d (webtiles) character file.

Game seed: 6700193741559696360

127 bjtr the Stinger (level 5, -1/29 HPs)
             Began as a Gargoyle Venom Mage on July 6, 2021.
             Killed from afar by Ijyb (13 damage)
             ... with a bolt of acid
             ... on level 3 of the Dungeon.
             The game lasted 00:13:14 (3395 turns).

bjtr the Stinger (Gargoyle Venom Mage)              Turns: 3395, Time: 00:13:15

Health: -1/29      AC: 10    Str: 11    XL:     5   Next: 11%
Magic:  6/9        EV: 14    Int: 17    God:
Gold:   115        SH:  0    Dex: 10    Spells: 5/9 levels left

rFire    . . .     SeeInvis .   f - +1 long sword (freeze)
rCold    . . .     Faith    .   (no shield)
rNeg     + . .     Spirit   .   c - quicksilver dragon scales
rPois    ∞         Reflect  .   (no helmet)
rElec    +         Harm     .   r - +0 cloak
rCorr    .         Rampage  .   (no gloves)
Will     +....                  (no boots)
Stlth    +.........             (no amulet)
HPRegen  0.09/turn              h - +4 ring of evasion
MPRegen  0.11/turn              (no ring)

@: corroded
A: sickness immunity, AC +4, negative energy resistance 1, electricity
resistance, torment resistance 1, petrification resistance
a: no special abilities


You were on level 3 of the Dungeon.
You visited 1 branch of the dungeon, and saw 3 of its levels.

You collected 115 gold pieces.

Inventory:

Hand Weapons
 b - a +0 club
 d - a +0 dagger
 f - a +1 long sword of freezing (weapon)
 i - a +0 short sword
 j - a +0 whip
 l - a +0 trident
 v - a +0 mace
 w - a +0 flail
Missiles
 e - 48 stones (quivered)
 k - 25 bolts
 o - 16 poisoned darts
Armour
 a - a +1 robe
 c - quicksilver dragon scales (worn)
 r - a +0 cloak (worn)
Jewellery
 h - a +4 ring of evasion (left hand)
 p - an amulet of guardian spirit
Scrolls
 g - a scroll of brand weapon
 m - 2 scrolls of enchant armour
 q - a scroll of enchant weapon
 u - a scroll of identify
Potions
 n - a potion of lignification
 s - a potion of heal wounds
 t - a potion of resistance


   Skills:
 * Level 1.2 Fighting
 * Level 1.3 Armour
 + Level 1.7 Dodging
 + Level 2.8 Stealth
 * Level 2.7 Spellcasting
 * Level 1.0 Conjurations
 + Level 1.3 Transmutations
 * Level 3.8 Poison Magic


You had 5 spell levels left.
You knew the following spells:

 Your Spells              Type           Power      Damage    Failure   Level
a - Sting                 Tmut/Pois      44%        1d5       14%         1
b - Mephitic Cloud        Conj/Pois/Air  7%         N/A       54%         3

Your spell library contained the following spells:

 Spells                   Type           Power      Damage    Failure   Level
 Poisonous Vapours        Pois/Air       16%        N/A       28%         2
 Animate Skeleton         Necr           4%         N/A       38%         1
 Pain                     Necr           8%         1d4       38%         1
 Olgreb's Toxic Radiance  Pois           15%        N/A       65%         4
 Dazzling Flash           Conj/Hex       8%         N/A       71%         3
 Vampiric Draining        Necr           1%         2d6       77%         3
 Iskenderun's Mystic Bla  Conj/Tloc      4%         2d3       98%         4
 Starburst                Conj/Fire      2%         8x6d3     100%        6


Dungeon Overview and Level Annotations

Branches:
Dungeon (3/15)

Altars:

Shops:
D:1 [

Annotations:
D:3 Ijyb


Innate Abilities, Weirdness & Mutations

You are immune to sickness and miasma.
Your stone body is resilient. (AC +4)
You are immune to poison.
You resist negative energy. (rN+)
You are resistant to electric shocks. (rElec)
You are resistant to unholy torment.
You are immune to petrification.


Message History

The bolt of acid misses you.
Unknown command.
Casting: Sting (safe; 14% risk of failure)
Confirm with . or Enter, or press ? or * to list all spells.
Aiming: Sting (safe; 14% risk of failure)
Press: ? - help, Shift-Dir - straight line, f/p - Ijyb
Aim: Ijyb, wielding a +0 club, wearing a +0 ring mail and carrying a wand of acid (8) (poisoned, 68% to hit)
The sting misses Ijyb.
Ijyb misses you.
Unknown command.
Casting: Sting (safe; 14% risk of failure)
Confirm with . or Enter, or press ? or * to list all spells.
Aiming: Sting (safe; 14% risk of failure)
Press: ? - help, Shift-Dir - straight line, f/p - Ijyb
Aim: Ijyb, wielding a +0 club, wearing a +0 ring mail and carrying a wand of acid (8) (poisoned, 68% to hit)
The sting misses Ijyb.
Ijyb zaps a wand.
The bolt of acid hits you! The acid corrodes you!
You are splashed with acid!
Ouch! That really hurt!
* * * LOW HITPOINT WARNING * * *
Okay, then.
You feel much better.
Ijyb drinks a potion.
Ijyb is healed!
Ijyb looks more healthy.
As you read the scroll labelled KAMPATHR ENOU, it crumbles to dust.
It is a scroll of brand weapon.
Your +1 long sword is covered with a thin layer of ice!
f - a +1 long sword of freezing (weapon)
Ijyb misses you.
You hit Ijyb. You freeze Ijyb.
Ijyb is moderately wounded.
Ijyb hits you but does no damage.
Your magical contamination has completely faded away.
You barely miss Ijyb.
Ijyb is moderately wounded.
Ijyb hits you with a +0 club.
Ijyb zaps a wand.
The bolt of acid misses you.
You barely miss Ijyb.
Ijyb is moderately wounded.
Ijyb hits you with a +0 club.
You hit Ijyb. You freeze Ijyb.
Ijyb is heavily wounded.
Ijyb zaps a wand.
The bolt of acid hits you!
You die...

#.......######
####'#### #.#
#.# #.# #.#
#.# #.# #@#
#g###########
#......g.....
#.###########
###


You could see Ijyb.

Vanquished Creatures
  Jessica (D:3)
  A gnoll (D:1)
  3 adders
  2 worms
  2 dart slugs
  2 orcs (D:3)
  2 endoplasms
  3 giant cockroaches
  6 goblins
  5 hobgoblins
  3 quokkas
  7 ball pythons
  4 bats
  3 frilled lizards
  5 kobolds
  3 rats
52 creatures vanquished.

Notes
Turn   | Place    | Note
-------+----------+-------------------------------------------
     0 | D:1      | bjtr the Gargoyle Venom Mage began the quest for the Orb.
     0 | D:1      | Reached XP level 1. HP: 10/10 MP: 3/3
   129 | D:1      | Reached skill level 1 in Transmutations
   230 | D:1      | Found Voxof's Antique Armour Boutique.
   271 | D:1      | Reached XP level 2. HP: 15/15 MP: 1/5
   806 | D:1      | Reached XP level 3. HP: 5/20 MP: 1/6
  1149 | D:1      | Learned a level 3 spell: Mephitic Cloud
  2192 | D:2      | Reached XP level 4. HP: 24/24 MP: 5/7
  2248 | D:2      | Reached skill level 1 in Armour
  2399 | D:2      | Found a faded altar of an unknown god.
  2681 | D:2      | Identified a scroll of acquirement
  2681 | D:2      | Acquired quicksilver dragon scales
  2974 | D:3      | Reached skill level 1 in Fighting
  3011 | D:3      | Noticed Jessica
  3019 | D:3      | Killed Jessica
  3020 | D:3      | Reached skill level 1 in Conjurations
  3186 | D:3      | Reached XP level 5. HP: 24/29 MP: 9/9
  3376 | D:3      | Noticed Ijyb
  3395 | D:3      | Killed from afar by Ijyb

Illustrated notes

Levels and vault maps discovered:
D:1:      minmay_arrival_semitransparent, layout_loops_corners, serial_shops,
          nicolae_shop_statue_plus
D:2:      layout_loops_ring, shapermc_ecumenical_altar_starsandcircs
D:3:      layout_basic, minmay_stone_trees_small, nrook_mini_vaults,
          uniq_sigmund, uniq_ijyb, uniq_jessica

Skill      XL: |  1  2  3  4 |
---------------+-------------+-----
Transmutations | 1 |  1.3
Armour         | 1 |  1.3
Fighting       | 1 |  1.2
Conjurations   | 1 |  1.0
Dodging        | |  1.7
Stealth        | |  2.8
Spellcasting   | |  2.7
Poison Magic   | |  3.8

Action                   |  1- 3 |  4- 6 || total
-------------------------+-------+-------++-------
Melee: Club              |     1 |       ||     1
       Long sword        |    49 |    69 ||   118
Throw: Stone             |     3 |       ||     3
 Cast: Sting             |    32 |    17 ||    49
  Use: Scroll            |       |    12 ||    12
       Potion            |       |     1 ||     1
 Stab: Sleeping          |     3 |       ||     3
Armor: Robe              |    26 |     3 ||    29
       Quicksilver drago |       |    41 ||    41
Dodge: Dodged            |    39 |    49 ||    88
       Rpst.: Long sword |     9 |    11 ||    20

Table legend: (Time is in decaauts)
 A = Elapsed time spent in this place.
 B = Non-inter-level travel time spent in this place.
 C = Inter-level travel time spent in this place.
 D = Time resting spent in this place.
 E = Time spent auto-exploring this place.
 F = Levels seen in this place.
 G = Mean time per level.
                   A        B        C        D        E       F      G
               +--------+--------+--------+--------+--------+-----+--------+
         Total |   3440 |   3415 |     25 |    510 |   2287 |   3 | 1146.7 |
       Dungeon |   3440 |   3415 |     25 |    510 |   2287 |   3 | 1146.7 |
               +--------+--------+--------+--------+--------+-----+--------+

Top non-repeatable levels by time:
     D:1: 1545 daAuts
     D:2: 1187 daAuts
     D:3: 707 daAuts
